 Dungeon Crawl Stone Soup version 0.21.1-1-g345015f (webtiles) character file.

1414 risingmaelstrom the Cleaver (level 8, -16/70 HPs)
             Began as a Minotaur Fighter on Apr 11, 2018.
             Was a Believer of Wu Jian.
             Demolished by Duvessa
             ... wielding a +0 short sword
              (18 damage)
             ... on level 6 of the Dungeon.
             The game lasted 00:18:25 (3790 turns).

risingmaelstrom the Cleaver (Minotaur Fighter)      Turns: 3790, Time: 00:18:26

Health: -16/70     AC:  0    Str: 28      XL:     8   Next: 43%
Magic:  7/7        EV: 14    Int:  5      God:    Wu Jian [**....]
Gold:   208        SH:  0    Dex:  8 (10) Spells: 7/7 levels left

rFire    . . .     SeeInvis .   (weapon currently unavailable)
rCold    . . .     Gourm    .   (shield currently unavailable)
rNeg     . . .     Faith    .   (armour currently unavailable)
rPois    .         Spirit   .   (helmet currently unavailable)
rElec    .         Reflect  .   (cloak currently unavailable)
rCorr    .         Harm     .   (gloves currently unavailable)
MR       .....                  (boots currently unavailable)
Stlth    +.........             (no amulet)
HPRegen  0.21/turn              (ring currently unavailable)
MPRegen  0.10/turn              (ring currently unavailable)

@: mighty, pig-form (expiring), very slightly contaminated, very quick
A: small, (retaliatory headbutt), mutation resistance 1
a: Wall Jump, Renounce Religion


You were on level 6 of the Dungeon.
You worshipped Wu Jian.
Wu Jian was pleased with you.
You were not hungry.
You were a filthy swine.
You visited 1 branch of the dungeon, and saw 6 of its levels.

You collected 208 gold pieces.

Inventory:

Hand Weapons
 a - a +1 war axe (melded)
Armour
 b - a +2 scale mail (melded)
 c - a +0 shield (melded)
 o - a +0 pair of boots (melded)
Jewellery
 k - an uncursed ring of protection from fire
 m - a ring of see invisible (melded)
 q - a ring of stealth (melded)
Wands
 g - a wand of flame (53)
 p - a wand of polymorph (16)
Scrolls
 e - 3 scrolls of remove curse
 h - a scroll of amnesia
 i - 2 scrolls of identify
 l - 5 scrolls of teleportation
 n - a scroll of enchant weapon
Potions
 d - 3 potions of might
Comestibles
 f - 5 rations
 r - a chunk of flesh


   Skills:
 + Level 5.8 Fighting
 + Level 9.1 Axes
 + Level 5.4 Armour
 + Level 2.5 Dodging
 + Level 0.5 Stealth
 + Level 6.5 Shields
 + Level 0.1 Unarmed Combat


You had 7 spell levels left.
You didn't know any spells.

Dungeon Overview and Level Annotations

Branches:
Dungeon (6/15)
 Temple: D:4-7

Altars:
Ashenzari
Dithmenos
Makhleb
Ru
Sif Muna
Vehumet
Wu Jian

Annotations:
D:6 Duvessa


Innate Abilities, Weirdness & Mutations

((You reflexively headbutt those who attack you in melee.))
((You have a pair of horns on your head.))
You are somewhat resistant to further mutation.


Message History

Found a stone staircase leading down.
You feel very mighty all of a sudden. Duvessa closely misses you.
The quasit completely misses you. The quasit claws you.
* * * LOW HITPOINT WARNING * * *
The quasit misses you.
You miss the quasit. Duvessa barely misses you. The quasit barely misses you.
The quasit completely misses you. The quasit barely misses you.
Blink to where?
Press: ? - help, Dir - move target cursor You are very lightly contaminated with residual magic.
As you read the scroll of blinking, it crumbles to dust.
Your transformation is almost over.
Duvessa hits you with a short sword!
* * * LOW HITPOINT WARNING * * *
The quasit completely misses you. The quasit claws you.
* * * LOW HITPOINT WARNING * * *
You feel clumsy. The quasit closely misses you.
Duvessa hits you with a short sword!!
You die...

#.......
........###.#
>....#...#.#
#....#.....#
####....#.#...#
............#
#.........#
#..h......#
#..5e§....#
#.........#
#....).<..#
#.........#
##............
##.....###.#.#
#.##### # #.


You could see Duvessa (berserk) and a quasit.

Vanquished Creatures
  Eustachio (D:5)
  Menkaure (D:4)
  2 sky beasts (D:5)
  3 ogres
  A scorpion (D:4)
  Dowan (D:6)
  2 hounds
  4 orc priests
  2 jellies (D:5)
  3 orc wizards
  Ijyb (D:4)
  Terence (D:3)
  A hound zombie (D:5)
  Robin (D:2)
  8 adders
  4 gnolls (D:5)
  A shadow imp (D:5)
  An ooze (D:1)
  A worm (D:2)
  3 dart slugs
  4 leopard geckos
  11 orcs
  4 giant cockroaches (D:1)
  17 goblins
  14 hobgoblins
  4 kobolds
  2 quokkas (D:4)
  2 ball pythons
  13 bats
  6 frilled lizards
  A quokka skeleton (D:4)
  4 rats
124 creatures vanquished.

Notes
Turn   | Place    | Note
-------+----------+-------------------------------------------
     0 | D:1      | risingmaelstrom the Minotaur Fighter began the quest for the Orb.
     0 | D:1      | Reached XP level 1. HP: 19/19 MP: 0/0
   139 | D:1      | Reached XP level 2. HP: 22/27 MP: 1/1
   449 | D:1      | Reached XP level 3. HP: 31/33 MP: 2/2
   915 | D:2      | Reached skill level 3 in Axes
   948 | D:2      | Found an ornate altar of the Wu Jian Council.
   954 | D:2      | Became a worshipper of the Wu Jian Council
  1046 | D:2      | Found a faded altar of an unknown god.
  1450 | D:2      | Reached XP level 4. HP: 36/40 MP: 3/3
  1456 | D:2      | Found a shattered altar of Ashenzari.
  1780 | D:2      | Reached * piety under Wu Jian
  1782 | D:2      | Noticed Robin
  1786 | D:2      | Killed Robin
  1923 | D:3      | Reached skill level 5 in Shields
  1929 | D:3      | Reached skill level 4 in Axes
  1929 | D:3      | Reached XP level 5. HP: 45/47 MP: 4/4
  1981 | D:3      | Reached ** piety under Wu Jian
  1998 | D:3      | Noticed Terence
  2001 | D:3      | Killed Terence
  2107 | D:3      | Reached skill level 1 in Dodging
  2204 | D:3      | Gained mutation: You are somewhat resistant to further mutation. [potion of mutation]
  2254 | D:3      | Reached skill level 5 in Axes
  2447 | D:4      | Reached XP level 6. HP: 35/53 MP: 5/5
  2643 | D:4      | Reached skill level 6 in Axes
  2811 | D:4      | Found a deep blue altar of Sif Muna.
  2890 | D:4      | Found a radiant altar of Vehumet.
  2890 | D:4      | Found a sacrificial altar of Ru.
  2905 | D:4      | Found a shadowy altar of Dithmenos.
  2910 | D:4      | Reached skill level 5 in Fighting
  2910 | D:4      | Reached XP level 7. HP: 42/61 MP: 6/6
  2937 | D:4      | Noticed Ijyb
  2944 | D:4      | Noticed Menkaure
  2944 | D:4      | Killed Ijyb
  2952 | D:4      | Killed Menkaure
  2952 | D:4      | Reached skill level 7 in Axes
  3063 | D:4      | Reached skill level 5 in Armour
  3252 | D:5      | Entered Level 5 of the Dungeon
  3294 | D:5      | Found a burning altar of Makhleb.
  3461 | D:5      | Reached skill level 8 in Axes
  3462 | D:5      | Reached XP level 8. HP: 62/69 MP: 7/7
  3560 | D:5      | Noticed Eustachio
  3597 | D:5      | Killed Eustachio
  3679 | D:5      | Reached skill level 9 in Axes
  3771 | D:6      | Noticed Duvessa
  3771 | D:6      | Noticed Dowan
  3781 | D:6      | Killed Dowan
  3789 | D:6      | HP: 3/70 [Duvessa/short sword (7)]
  3790 | D:6      | Demolished by Duvessa

Skill      XL: |  1  2  3  4  5  6  7  8 |
---------------+-------------------------+-----
Shields        | 4 5 6 |  6.5
Fighting       | 4 5 |  5.8
Axes           | 3 4 5 6 8 9 |  9.1
Armour         | 4 5 |  5.4
Dodging        | 1 2 |  2.5
Stealth        | |  0.5
Unarmed Combat | |  0.1

Action                   |  1- 3 |  4- 6 |  7- 9 || total
-------------------------+-------+-------+-------++-------
Melee: War axe           |    89 |   132 |    91 ||   312
       Headbutt          |    12 |    24 |    19 ||    55
       Unarmed           |       |       |     9 ||     9
Invok: Lunge             |     2 |     6 |     6 ||    14
       Whirlwind         |       |     7 |     6 ||    13
       Wall Jump         |       |     5 |     4 ||     9
 Abil: Wall Jump         |       |     1 |       ||     1
  Use: Potion            |     4 |     2 |     4 ||    10
       Scroll            |     7 |     4 |     2 ||    13
  Eat: Chunk             |     1 |     2 |     3 ||     6
       Ration            |     1 |       |       ||     1
Armor: Scale mail        |    49 |    55 |    35 ||   139
Dodge: Dodged            |    32 |    32 |    66 ||   130
Block: Shield            |    53 |    49 |    37 ||   139
